 Dungeon Crawl Stone Soup version 0.23-a0-182-g58cdd98 (webtiles) character file.

522 iamserjio the Insei (level 7, 59/59 HPs)
             Began as a Red Draconian Wanderer on Sept 20, 2018.
             Quit the game on level 4 of the Dungeon.
             The game lasted 00:09:31 (4583 turns).

iamserjio the Insei (Red Draconian Wanderer)        Turns: 4583, Time: 00:09:33

Health: 59/59      AC:  6    Str: 11    XL:     7   Next: 1%
Magic:  8/8        EV: 11    Int: 13    God:
Gold:   177        SH:  0    Dex: 15    Spells: 6/8 levels left

rFire    . . .     SeeInvis .   j - +0 spear (curse)
rCold    + . .     Gourm    .   (no shield)
rNeg     . . .     Faith    .   (armour unavailable)
rPois    .         Spirit   .   (helmet restricted)
rElec    .         Reflect  .   (no cloak)
rCorr    .         Harm     .   (no gloves)
MR       .....                  (no boots)
Stlth    +.........             (no amulet)
HPRegen  0.19/turn              g - ring of ice
MPRegen  0.11/turn              v - ring of attention (curse)

@: no status effects
A: breathe fire, unfitting armour, fire resistance 1, cold-blooded, AC +6
a: Breathe Fire


You were on level 4 of the Dungeon.
You were not hungry.

You visited 1 branch of the dungeon, and saw 4 of its levels.

You collected 177 gold pieces.

Inventory:

Hand Weapons
 a - a +0 short sword
 b - a +2 dagger of draining
 d - a +0 dagger
 i - a +0 hunting sling
 j - a cursed +0 spear (weapon)
 y - a +0 rapier of speed
Missiles
 n - 28 sling bullets
 t - a throwing net {!f}
 z - 8 tomahawks (quivered)
Jewellery
 g - a ring of ice (left hand)
 v - a cursed ring of attention (right hand)
Wands
 c - a wand of flame (24)
Scrolls
 k - a scroll of enchant armour
 l - 2 scrolls of magic mapping
 o - 2 scrolls of amnesia
 p - 2 scrolls of random uselessness
 q - 3 scrolls of teleportation
 r - 3 scrolls of immolation
Potions
 e - a potion of curing {@q1}
 h - 2 potions of lignification
 m - 3 potions of flight {unknown}
 u - a potion of haste {unknown}
 w - 2 potions of berserk rage {unknown}
 x - 2 potions of heal wounds {unknown}
 A - a potion of might {unknown}
 B - a potion of mutation {unknown}
Comestibles
 f - 4 rations
 s - a chunk of flesh


   Skills:
 - Level 4.1 Fighting
 - Level 1.0 Stealth
   Level 1.0 Shields
 * Level 6.1 Unarmed Combat
 - Level 1.0 Spellcasting
   Level 1.0 Conjurations
   Level 3.0 Summonings
   Level 2.0 Translocations
 - Level 1.0 Transmutations


You had 6 spell levels left.
You knew the following spells:

 Your Spells              Type           Power        Failure   Level  Hunger
a - Beastly Appendage     Tmut           #.....       19%         1    ##.....
b - Sandblast             Erth           #.....       28%         1    ##.....

Your spell library contained the following spells:

 Spells                   Type           Power        Failure   Level  Hunger
 Blink                    Tloc           N/A          19%         2    ###....
 Shroud of Golubria       Chrm/Tloc      #.........   28%         2    ###....
 Gell's Gravitas          Tloc           #.........   36%         3    ####...
 Lesser Beckoning         Tloc           #.........   36%         3    ####...
 Teleport Other           Tloc           #.......     36%         3    ####...
 Spider Form              Tmut/Pois      #.........   56%         3    ####...
 Stone Arrow              Conj/Erth      #.....       56%         3    ####...
 Passage of Golubria      Tloc           N/A          77%         4    #####..


Dungeon Overview and Level Annotations

Branches:
Dungeon (4/15)
 Temple: D:4-7

Altars:
Fedhas
Kikubaaqudgha
Ru
Uskayaw
Vehumet
Yredelemnul

Annotations:
D:4 1 runed door, Eustachio


Innate Abilities, Weirdness & Mutations

You can breathe blasts of fire.
Your fiery red scales are hard. (AC +6)
You cannot fit into any form of body armour.
Your flesh is heat resistant. (rF+)
You are cold-blooded and may be slowed by cold attacks.


Message History

The howler monkey closely misses you.
You are feeling very hungry.
You hit the howler monkey.
The howler monkey hoots and howls with incredible vigour!
You hit the howler monkey.
You kill the howler monkey!
Your Unarmed Combat skill increases to level 6!
You have reached level 7!
Your scales start taking on a fiery red colour.
You learn Fire Magic much quicker.
You learn Ice Magic much slower.
You can breathe blasts of fire.
You feel resistant to heat.
You butcher the quokka corpse.
s - 2 chunks of flesh You see here a throwing net {!f}.
t - a throwing net {!f} Your magical contamination has completely faded away.
You start resting.
Eating one of 2 chunks of flesh.
You eat one of the 2 chunks of flesh.
HP restored.

#### #########
..# #........
#.# #...... #@#
#...#####
#.#####..##..)##
#........#..≈..#
######.#.#.≈≈≈.#
#....#.≈≈≈.#
#....#.≈≈≈.#
#....#..≈..#.#
###..##...##.#
#.....#...#..#


There were no monsters in sight!

Vanquished Creatures
  Sigmund (D:2)
  An ogre (D:4)
  A howler monkey (D:4)
  A crimson imp (D:4)
  An orc wizard (D:3)
  Terence (D:2)
  A worker ant (D:4)
  4 adders
  A gnoll (D:1)
  A white imp (D:4)
  A worm (D:2)
  3 leopard geckos
  3 orcs
  4 giant cockroaches
  6 goblins
  8 hobgoblins
  4 jackals (D:3)
  2 quokkas
  A ball python (D:3)
  7 bats
  4 frilled lizards
  9 kobolds
  A leopard gecko skeleton (D:4)
  8 rats
74 creatures vanquished.

Notes
Turn   | Place    | Note
-------+----------+-------------------------------------------
     0 | D:1      | iamserjio the Draconian Wanderer began the quest for the
                  | Orb.
     0 | D:1      | iamserjio set off with: a +0 dagger, a ration
     0 | D:1      | Reached XP level 1. HP: 14/14 MP: 2/2
   207 | D:1      | Reached skill level 1 in Unarmed Combat
   347 | D:1      | Learned a level 1 spell: Beastly Appendage
   349 | D:1      | Learned a level 1 spell: Sandblast
   386 | D:1      | Reached XP level 2. HP: 21/22 MP: 3/3
   462 | D:1      | Reached skill level 1 in Fighting
   651 | D:1      | Reached skill level 2 in Unarmed Combat
   724 | D:1      | Reached XP level 3. HP: 25/28 MP: 4/4
  1137 | D:2      | Noticed Terence
  1153 | D:2      | Killed Terence
  1393 | D:2      | Found an ancient bone altar of Kikubaaqudgha.
  1414 | D:2      | Reached skill level 3 in Unarmed Combat
  1414 | D:2      | Reached XP level 4. HP: 36/36 MP: 5/5
  1757 | D:2      | Noticed Sigmund
  1984 | D:3      | Found a radiant altar of Vehumet.
  2001 | D:3      | Found a basalt altar of Yredelemnul.
  2123 | D:3      | Reached XP level 5. HP: 28/42 MP: 6/6
  2301 | D:3      | Found a blossoming altar of Fedhas.
  2406 | D:3      | Reached skill level 4 in Unarmed Combat
  2765 | D:3      | Found a hide-covered altar of Uskayaw.
  2818 | D:3      | Found a sacrificial altar of Ru.
  3174 | D:2      | Killed Sigmund
  3174 | D:2      | Reached skill level 5 in Unarmed Combat
  3174 | D:2      | Reached XP level 6. HP: 28/52 MP: 7/7
  4135 | D:4      | Noticed Eustachio
  4148 | D:4      | Found a runed door.
  4489 | D:4      | Reached skill level 6 in Unarmed Combat
  4489 | D:4      | Your scales start taking on a fiery red colour.
  4489 | D:4      | Reached XP level 7. HP: 41/59 MP: 8/8
  4489 | D:4      | Gained mutation: Your flesh is heat resistant. (rF+) [Red
                  | Draconian growth]
  4583 | D:4      | Quit the game

Vault maps used:
D:1:      lemuel_arrival_muddy, columned_hall_lemuel
D:2:      lemuel_round_altar, uniq_terence, uniq_sigmund
D:3:      fedhas_altar_3, nicolae_overflow_quartered_altars
D:4:      ebering_ghost_sewer_f, minmay_fire_ice_demons, uniq_eustachio

Skill      XL: |  1  2  3  4  5  6 |
---------------+-------------------+-----
Unarmed Combat | 1 2 3 5 6 |  6.1
Fighting       | 1 2 3 4 |  4.1
Stealth        | |  1.0
Shields        | |  1.0
Spellcasting   | |  1.0
Conjurations   | |  1.0
Summonings     | |  3.0
Translocations | |  2.0
Transmutations | |  1.0

Action                   |  1- 3 |  4- 6 |  7- 9 || total
-------------------------+-------+-------+-------++-------
Melee: Dagger            |    96 |   145 |       ||   241
       Short sword       |    10 |       |       ||    10
       Tailslap          |     6 |    19 |       ||    25
       Unarmed           |       |    25 |       ||    25
       Punch             |       |     4 |       ||     4
       Spear             |       |    16 |       ||    16
Evoke: Wand              |       |     3 |       ||     3
  Use: Potion            |       |     2 |       ||     2
       Scroll            |       |     7 |       ||     7
 Stab: Sleeping          |     2 |     5 |       ||     7
  Eat: Chunk             |     2 |     5 |     1 ||     8
       Ration            |       |     1 |       ||     1
Armor: Skin              |    32 |    55 |       ||    87
Dodge: Dodged            |    69 |    81 |       ||   150

Table legend:
 A = Non-vault XP
 B = Vault XP
 C = Vault XP percentage of total XP
 D = Non-vault monster count
 E = Vault monster count
 F = Vault count percentage of total count
                 A         B        C        D         E       F
            +---------+---------+-------+---------+---------+-------
      Total |     423 |     323 |  43.3 |      70 |       4 |   5.4
            +---------+---------+-------+---------+---------+-------
        D:1 |      55 |       0 |   0.0 |      28 |       0 |   0.0
        D:2 |      39 |     267 |  87.3 |      15 |       2 |  11.8
        D:3 |     110 |       0 |   0.0 |      20 |       0 |   0.0
        D:4 |     219 |      56 |  20.4 |       7 |       2 |  22.2
            +---------+---------+-------+---------+---------+-------
